Map: Ulrena

Players

Berger

  • Race: Zerg Zerg
  • League: Silver

LilDicky - Winner!

  • Race: Protoss Protoss
  • League: Diamond

VOD

http://www.twitch.tv/tumescentpie

Description

Time

  • Played on: Jan. 4, 2016, 4:47 a.m.
  • Length: 7:42
Show
View Real Time Build Order
Export as new Build Order

Berger Zerg 

Build Orders: Hatch First 

Get SALT Encoding   

  12  0:01  Drone  
  13  0:08  Drone  
  13  0:14  Extractor  
  13  0:16  Drone  
  14  0:23  Overlord  
  14  0:41  Drone x2  
  16  0:47  Drone  
  17  1:05  Hatchery  
  17  1:08  Drone  
  17  1:12  Drone  
  17  1:16  Drone  
  19  1:33  Spawning Pool  
  19  1:36  Drone  
  18  2:29  Zergling x10  
  22  2:30  Queen  
  23  3:04  Zergling x8  
  23  3:05  Zergling x4  
  23  3:19  Zergling x4  
  24  3:35  Drone  
  24  3:36  Drone  
  26  3:57  Lair  
  26  4:01  Drone x2  
  28  4:04  Metabolic Boost  
  28  4:27  Overlord  
  28  4:29  Overlord  
  28  4:44  Queen  
  29  5:06  Evolution Chamber  
  28  5:08  Evolution Chamber, Extractor  
  28  5:12  Hydralisk Den  
  25  5:16  Drone  
  25  5:17  Drone x6  
  32  5:34  Zerg Missile Weapons Level 1  
  32  5:37  Zerg Ground Armor Level 1  
  32  5:48  Muscular Augments  
  32  5:54  Hydralisk  
  34  5:58  Drone  
  34  6:04  Hydralisk  
  35  6:08  Drone  
  38  6:15  Hydralisk  
  40  6:22  Overlord  
  40  6:29  Drone  
  40  6:31  Hydralisk  
  43  6:37  Overlord  
  43  6:40  Drone  
  43  6:47  Hydralisk  
  46  6:56  Overseer  
  44  7:04  Hydralisk  
  44  7:05  Hydralisk  
Show
View Real Time Build Order
Export as new Build Order

LilDicky Protoss - Winner!

Build Orders:  

Get SALT Encoding   

  12  0:01  Probe (Chrono Boost)  
  13  0:12  Probe (Chrono Boost)  
  14  0:22  Probe (Chrono Boost)  
  14  0:24  Pylon  
  16  0:42  Probe (Chrono Boost)  
  16  0:54  Probe (Chrono Boost)  
  16  0:55  Forge  
  17  1:05  Probe (Chrono Boost)  
  18  1:17  Pylon  
  18  1:26  Probe (Chrono Boost)  
  19  1:38  Probe (Chrono Boost)  
  20  1:49  Photon Cannon  
  20  1:52  Probe (Chrono Boost)  
  21  1:59  Nexus  
  21  2:01  Gateway  
  21  2:04  Pylon  
  21  2:08  Photon Cannon  
  21  2:21  Photon Cannon  
  21  2:26  Photon Cannon  
  21  2:29  Photon Cannon  
  21  2:35  Pylon  
  21  2:45  Pylon  
  21  2:50  Gateway  
  21  2:53  Probe (Chrono Boost)  
  21  3:19  Probe (Chrono Boost)  
  22  3:22  Probe (Chrono Boost)  
  22  3:26  Assimilator  
  23  3:28  Assimilator  
  23  3:30  Probe (Chrono Boost), Photon Cannon  
  23  3:31  Assimilator  
  23  3:33  Assimilator  
  24  3:52  Cybernetics Core  
  24  3:56  Probe  
  24  3:57  Pylon  
  25  4:07  Probe  
  26  4:17  Warp Gate (Chrono Boost)  
  26  4:18  Probe  
  26  4:19  Gateway  
  26  4:20  Photon Cannon  
  26  4:22  Probe  
  28  4:31  Probe  
  28  4:32  Pylon  
  28  4:34  Mothership Core  
  31  4:41  Pylon  
  31  4:43  Probe  
  32  4:45  Protoss Ground Weapons Level 1 (Chrono Boost)  
  32  4:55  Probe x2  
  34  5:10  Gateway  
  34  5:12  Gateway  
  34  5:15  Gateway, Probe  
  35  5:28  Probe  
  36  5:30  Gateway  
  36  5:38  Probe  
  37  5:50  Probe x2  
  39  6:08  Robotics Facility  
  39  6:19  Adept x2  
  39  6:21  Adept  
  39  6:22  Adept x2  
  49  6:30  Pylon  
  49  6:35  Probe  
  49  6:39  Probe  
  51  6:44  Adept x2  
  51  6:45  Adept x3  
  61  6:52  Pylon  
  61  6:54  Pylon  
  61  6:56  Pylon  
Tags
 
Add a new tag
Caveats
  • Supply blocks, unpowered buildings, or Contaminate may cause inaccurate times.
  • Supply counts are checked every 10 seconds.